 Dungeon Crawl Stone Soup version 0.23-a0-577-g2b1de94 (webtiles) character file.

448 JeffiDaFish the Digger (level 7, -8/36 HPs)
             Began as a Gargoyle Earth Elementalist on Dec 14, 2018.
             Killed by miscasting Lee's Rapid Deconstruction (14 damage)
             ... on level 4 of the Dungeon.
             The game lasted 00:07:54 (3380 turns).

JeffiDaFish the Digger (GrEE)                       Turns: 3380, Time: 00:07:55

Health: -8/36      AC:  7    Str: 10 (11) XL:     7   Next: 4%
Magic:  4/22       EV: 11    Int: 16 (18) God:
Gold:   217        SH:  0    Dex:  6 (10) Spells: 5/14 levels left

rFire    + . .     SeeInvis .   e - +1 whip
rCold    x . .     Gourm    .   (no shield)
rNeg     + . .     Faith    .   c - +1 robe
rPois    ∞         Spirit   .   (no helmet)
rElec    +         Reflect  .   (no cloak)
rCorr    .         Harm     .   (no gloves)
MR       .....                  (no boots)
Stlth    ++........             (no amulet)
HPRegen  0.12/turn              f - ring of magical power
MPRegen  0.18/turn              g - ring of fire

@: slightly contaminated
A: negative energy resistance 1, electricity resistance, unbreathing,
petrification resistance, rot immunity, AC +4
a: no special abilities


You were on level 4 of the Dungeon.
You were hungry.

You visited 1 branch of the dungeon, and saw 4 of its levels.

You collected 217 gold pieces.

Inventory:

Hand Weapons
 e - a +1 whip (weapon)
Missiles
 b - 133 stones (quivered)
Armour
 c - a +1 robe (worn)
Jewellery
 f - a ring of magical power (left hand)
 g - a ring of fire (right hand)
Scrolls
 a - 2 scrolls of identify
 l - a scroll of remove curse
Potions
 h - a potion of agility
 i - a potion of curing
 k - a potion of might
Comestibles
 d - 11 rations
 j - 11 chunks of flesh


   Skills:
 - Level 1.5 Dodging
 - Level 2.2 Stealth
 + Level 4.1 Spellcasting
   Level 0.7 Transmutations
 * Level 7.9 Earth Magic


You had 5 spell levels left.
You knew the following spells:

 Your Spells              Type           Power        Failure   Level  Hunger
a - Sandblast             Erth           ####..       1%          1    None
b - Stone Arrow           Conj/Erth      ###...       10%         3    ###....
c - Lee's Rapid Deconstr  Erth           ####......   19%         5    ######.

Your spell library contained the following spells:

 Spells                   Type           Power        Failure   Level  Hunger
 Passwall                 Tmut/Erth      ###.....     4%          2    ##.....
 Petrify                  Tmut/Erth      ###.....     28%         4    ####...


Dungeon Overview and Level Annotations

Branches:
Dungeon (4/15)
 Temple: D:4-7

Altars:
Dithmenos
Nemelex Xobeh
Okawaru
Ru
Xom
The Shining One

Annotations:
D:4 Dowan, Duvessa, Robin


Innate Abilities, Weirdness & Mutations

You are resistant to torment.
Your stone body is resilient. (AC +4)
You are immune to poison.
You resist negative energy. (rN+)
You are resistant to electric shocks. (rElec)
You can survive without breathing.
You are immune to petrification.
You are immune to rotting.


Message History

Confirm with . or Enter, or press ? or * to list all spells.
Aiming: Lee's Rapid Deconstruction (quite dangerous; 19% risk of failure)
Press: ? - help, Dir - move target cursor, p - Duvessa A rock wall.
You miscast Lee's Rapid Deconstruction.
You are very lightly contaminated with residual magic.
Rocks fall onto you out of nowhere!
Ouch! That really hurt!
* * * LOW HITPOINT WARNING * * *
Duvessa hits you but does no damage. Duvessa hits you with a +0 rapier.
* * * LOW HITPOINT WARNING * * *
Casting: Lee's Rapid Deconstruction (quite dangerous; 19% risk of failure)
Confirm with . or Enter, or press ? or * to list all spells.
Aiming: Lee's Rapid Deconstruction (quite dangerous; 19% risk of failure)
Press: ? - help, Dir - move target cursor A rock wall.
You miscast Lee's Rapid Deconstruction.
You are lightly contaminated with residual magic.
Rocks fall onto you out of nowhere!
You die...

.. ####### # ## #.###
........ # ##..##...
....... # #.......#
...... #
#####.......######...# #
......#####.........# #
?...( #e##...#.## ######
...###
#e##.#....###..... ...[#
#@##.###......####
#..####....##...##.....#
##.#.....####.#.######..
##....###......#.# ####.
#..#)..###..####.. #...)
#.##.....#...#
##.....###
####.####.#...#.### ####
# #....# #.#.÷.#(..# ##
######.#### #.........#
#.


You could see Duvessa and Dowan.

Vanquished Creatures
  An ice beast (D:2)
  A jelly (D:4)
  A quasit (D:4)
  An orc priest (D:3)
  Terence (D:2)
  An orc wizard (D:4)
  A worker ant (D:4)
  A gnoll (D:1)
  8 adders
  4 worms
  A dart slug (D:2)
  A leopard gecko (D:1)
  9 orcs
  2 ball pythons
  5 giant cockroaches
  17 goblins
  4 hobgoblins
  3 jackals (D:3)
  8 kobolds
  2 quokkas
  5 bats
  6 frilled lizards
  12 rats
95 creatures vanquished.

Notes
Turn   | Place    | Note
-------+----------+-------------------------------------------
     0 | D:1      | JeffiDaFish the Gargoyle Earth Elementalist began the quest
                  | for the Orb.
     0 | D:1      | Reached XP level 1. HP: 10/10 MP: 3/3
    49 | D:1      | Reached skill level 4 in Earth Magic
    50 | D:1      | Reached XP level 2. HP: 15/15 MP: 3/5
   304 | D:1      | Reached XP level 3. HP: 18/19 MP: 2/6
   309 | D:1      | Learned a level 3 spell: Stone Arrow
   773 | D:2      | Found a shadowy altar of Dithmenos.
   817 | D:2      | Found a sacrificial altar of Ru.
   824 | D:2      | Found a shimmering altar of Xom.
   824 | D:2      | Found a glowing silver altar of Zin.
   828 | D:2      | Found a sparkling altar of Nemelex Xobeh.
   828 | D:2      | Found a glowing golden altar of the Shining One.
   828 | D:2      | Found a shimmering altar of Xom.
   881 | D:2      | Noticed an ice beast
   910 | D:2      | Killed an ice beast
   910 | D:2      | Reached skill level 6 in Earth Magic
   910 | D:2      | Reached XP level 4. HP: 19/24 MP: 2/8
   910 | D:2      | Reached XP level 5. HP: 22/28 MP: 2/9
  1109 | D:2      | Noticed Terence
  1117 | D:2      | Killed Terence
  1127 | D:2      | Found a sacrificial altar of Ru.
  2002 | D:3      | Reached XP level 6. HP: 32/32 MP: 3/11
  2312 | D:3      | Reached skill level 7 in Earth Magic
  2323 | D:3      | Found an iron altar of Okawaru.
  3267 | D:4      | Reached XP level 7. HP: 31/36 MP: 12/13
  3277 | D:4      | Noticed Robin
  3303 | D:4      | Learned a level 5 spell: Lee's Rapid Deconstruction
  3367 | D:4      | Noticed Dowan
  3369 | D:4      | Noticed Duvessa
  3380 | D:4      | Killed by miscasting Lee's Rapid Deconstruction

Vault maps used:
D:1:      wheals_arrival_shading
D:2:      wad_crossroads, doesnt_xom_only_xom, lemuel_doored_altar,
          grunt_dithmenos_smoke_and_mirrors, uniq_terence
D:3:      okawaru_trees_1, first_ration, chequers_serial_rivers_large_a,
          minmay_misc_feat_encased, minmay_misc_feat_columns, minmay_ruptured
D:4:      gammafunk_ghost_smash, kennysheep_generic_room_11, uniq_duvessa,
          uniq_robin

Skill      XL: |  1  2  3  4  5  6 |
---------------+-------------------+-----
Earth Magic    | 4 6 7 |  7.9
Spellcasting   | 3 4 |  4.1
Dodging        | |  1.5
Stealth        | |  2.2
Transmutations | |  0.7

Action                   |  1- 3 |  4- 6 |  7- 9 || total
-------------------------+-------+-------+-------++-------
Melee: Whip              |    93 |   118 |     6 ||   217
 Cast: Sandblast         |    16 |    43 |     6 ||    65
       Stone Arrow       |     5 |    33 |     1 ||    39
       Lee's Rapid Decon |       |       |     1 ||     1
  Use: Scroll            |     2 |     7 |       ||     9
       Potion            |       |     7 |       ||     7
 Stab: Sleeping          |       |     4 |       ||     4
  Eat: Chunk             |     1 |    11 |       ||    12
Armor: Robe              |    43 |    48 |     3 ||    94
Dodge: Dodged            |    97 |    77 |     3 ||   177

Table legend:
 A = Non-vault XP
 B = Vault XP
 C = Vault XP percentage of total XP
 D = Non-vault monster count
 E = Vault monster count
 F = Vault count percentage of total count
                 A         B        C        D         E       F
            +---------+---------+-------+---------+---------+-------
      Total |     432 |     209 |  32.6 |      83 |      12 |  12.6
            +---------+---------+-------+---------+---------+-------
        D:1 |      52 |       0 |   0.0 |      28 |       0 |   0.0
        D:2 |      71 |     183 |  72.0 |      18 |       5 |  21.7
        D:3 |     126 |      18 |  12.5 |      26 |       3 |  10.3
        D:4 |     183 |       8 |   4.2 |      11 |       4 |  26.7
            +---------+---------+-------+---------+---------+-------
